 Dungeon Crawl Stone Soup version 0.29-a0-284-gf9362112df (webtiles) character file.

Game seed: 2209103475509098913

172 testman the Bolt Thrower (level 5, -3/38 (42) HPs)
             Began as a Formicid Hunter on Mar 16, 2022.
             Was a Follower of the Shining One.
             Slain by a wight
             ... wielding a +3 morningstar
              (9 damage)
             ... on level 4 of the Dungeon.
             The game lasted 00:07:54 (2993 turns).

testman the Bolt Thrower (Formicid Hunter)          Turns: 2993, Time: 00:07:54

HP:   -3/38 (42)    AC:  4    Str: 16    XL:     5   Next: 83%
MP:   3/6           EV: 12    Int:  8    God:    the Shining One [*.....]
Gold: 122           SH:  7    Dex: 16    Spells: 4/4 levels left

rFire   . . .      SeeInvis +   a - +1 hand crossbow
rCold   . . .      Faith    .   (no shield)
rNeg    . . .      Spirit   .   b - +0 leather armour
rPois   .          Reflect  .   (helmet unavailable)
rElec   .          Harm     .   q - scarf {+Inv}
rCorr   .          Rampage  .   (no gloves)
Will    .....                   w - +0 pair of boots
Stlth   +.........              (no amulet)
HPRegen 0.12/turn               (no ring)
MPRegen 0.10/turn               (no ring)

@: divinely shielded, glowing, drained
A: permanent stasis, dig shafts and tunnels, antennae 3, four strong arms
a: Dig, Shaft Self, Renounce Religion, Evoke Invisibility, Divine Shield


You were on level 4 of the Dungeon.
You worshipped the Shining One.
The Shining One was aware of your devotion.
You visited 1 branch of the dungeon, and saw 4 of its levels.

You collected 122 gold pieces.

Inventory:

Hand Weapons
 a - a +1 hand crossbow (weapon)
Missiles
 d - 8 poisoned darts
 s - 2 curare-tipped darts
 z - a throwing net
Armour
 b - a +0 leather armour (worn)
 q - a scarf of invisibility (worn)
 w - a +0 pair of boots (worn)
Jewellery
 l - an amulet of guardian spirit
Wands
 x - a wand of mindburst (34)
Scrolls
 c - 2 scrolls of immolation
 f - 3 scrolls of amnesia {unknown}
 h - 2 scrolls of vulnerability {unknown}
 i - 3 scrolls of teleportation {unknown}
 j - 4 scrolls of identify {unknown}
 k - a scroll of noise {unknown}
 m - 2 scrolls of magic mapping {unknown}
 n - a scroll of blinking {unknown}
 r - a scroll of fog {unknown}
 u - a scroll of enchant armour {unknown}
 y - a scroll of torment {unknown}
Potions
 e - 2 potions of degeneration {unknown}
 g - a potion of flight {unknown}
 o - 4 potions of curing {unknown}
 p - a potion of attraction {unknown}
 t - a potion of might {unknown}
 v - a potion of mutation {unknown}
 A - a potion of heal wounds {unknown}


   Skills:
 + Level 4.2 Fighting
 + Level 5.2 Crossbows
 - Level 1.8 Dodging
 - Level 1.2 Stealth
 + Level 2.3 Invocations


You had 4 spell levels left.
You didn't know any spells.
Your spell library contained the following spells:

 Spells                   Type           Power      Damage    Failure   Level
 Static Discharge         Conj/Air       0%         N/A       63%         2
 Leda's Liquefaction      Hex/Erth       0%         N/A       99%         4
 Lee's Rapid Deconstruct  Erth           0%         3d5*      100%        5
 Lightning Bolt           Conj/Air       0%         1d11      100%        5
 Statue Form              Tmut/Erth      0%         N/A       100%        6
 Maxwell's Capacitive Co  Air            0%         ∞         100%        8


Dungeon Overview and Level Annotations

Branches:
Dungeon (4/15)
 Temple: D:4-7

Altars:
Ashenzari
Ru
Xom
The Shining One

Shops:
D:1 !


Innate Abilities, Weirdness & Mutations

You cannot be hasted, slowed, berserked, paralysed or teleported.
You can dig through walls and to a lower floor.
You have a pair of large antennae on your head. (SInv)
Your four strong arms can wield two-handed weapons with a shield.


Message History

You see here an adder corpse.
Found 23 stones.
z - a throwing net You now have 117 gold pieces (gained 11).
Found an escape hatch in the floor.
Found a chain mail.
e - 2 purple potions (gained 1)
x - a wand of mindburst (34) (gained 20 charges)
You now have 122 gold pieces (gained 5).
h - 2 scrolls labelled YCRID FEITHOMI (gained 1)
A - a viscous yellow potion
There is a stone staircase leading down here.
o - 4 smoky sapphire potions (gained 1)
d - 8 poisoned darts (gained 5)
You see here a +0 chain mail.
i - 3 scrolls labelled KUDOJO UCIH (gained 1)
Found a sacrificial altar of Ru.
A wight comes into view. It is wielding a +3 morningstar.
You shoot a bolt. The bolt barely misses the wight.
You shoot a bolt.
The bolt hits the wight but does no damage.
You shoot a bolt. The bolt barely misses the wight.
You shoot a bolt. The bolt closely misses the wight.
You shoot a bolt.
The bolt hits the wight but does no damage.
The wight hits you with a +3 morningstar!
You feel drained.
You are too injured to fight recklessly!
A divine shield forms around you!
The wight hits you with a +3 morningstar!
* * * LOW HITPOINT WARNING * * *
You feel drained.
* * * LOW HITPOINT WARNING * * *
Shoot: a) +1 hand crossbow
Press: ? - help, Q - select action, (/) - cycle Shift-Dir - straight line, f/p - wight
Aim: a wight, wielding a +3 morningstar and wearing a +0 robe (haloed, 82% to hit)
You shoot a bolt. The bolt hits the wight.
The wight is moderately damaged.
The wight hits you with a +3 morningstar!
You die...

###.# { ..#.# .
#.#.# .. #.#.#
... #.#.#
...###.#.#
.#.#......####
.._...z......#
#.####@#.##.#
#....#
#.#.##.##########
#....#
#.#.............#
###<...#
#.############[.#
###......# #.#
#..# ........#
#.# ##>.##
#.....# #.# ##
##.....
#....####.. ..#
#.....#
######........#
#.# #......


You could see a wight.

Vanquished Creatures
  A hound (D:4)
  An iguana (D:4)
  3 gnolls
  3 adders
  2 dart slugs (D:1)
  7 orcs
  4 endoplasms
  3 giant cockroaches
  4 goblins
  A hobgoblin (D:1)
  3 kobolds
  A quokka (D:1)
  7 ball pythons
  6 bats
  3 frilled lizards
  4 rats
53 creatures vanquished.

Notes
Turn   | Place    | Note
-------+----------+-------------------------------------------
     0 | D:1      | testman the Formicid Hunter began the quest for the Orb.
     0 | D:1      | Reached XP level 1. HP: 16/16 MP: 1/1
    34 | D:1      | Found a faded altar of an unknown god.
    42 | D:1      | Prayed at the altar of an unknown god.
    42 | D:1      | Became a worshipper of the Shining One
    42 | D:1      | Reached * piety under the Shining One
   171 | D:1      | Reached XP level 2. HP: 23/23 MP: 2/2
   482 | D:1      | Reached XP level 3. HP: 28/28 MP: 3/3
   609 | D:1      | Found Fakoibil's Distillery.
  1294 | D:3      | Reached XP level 4. HP: 35/35 MP: 4/4
  1521 | D:3      | Found a shimmering altar of Xom.
  1665 | D:3      | Found a broken altar of Ashenzari.
  1967 | D:3      | Reached skill level 1 in Invocations
  2171 | D:4      | Reached XP level 5. HP: 38/42 MP: 4/6
  2236 | D:4      | Reached skill level 5 in Crossbows
  2614 | D:4      | Noticed a black bear
  2983 | D:4      | Found a sacrificial altar of Ru.
  2993 | D:4      | Slain by a wight

Illustrated notes

Levels and vault maps discovered:
D:1:      roderic_chinese_lattice_arrival, layout_basic,
          chequers_ecumenical_altar_island, serial_shops,
          nicolae_shop_waterfront, minmay_misc_feat_secret_circle,
          nicolae_figureground_sparkle
D:2:      layout_basic, minmay_nonomino_d4
D:3:      layout_loops_ring, lemuel_doored_altar,
          mainiacjoe_overflow_surrounded_room, chequers_garden
D:4:      layout_loops_ring, lemuel_crystal_altar,
          chequers_serial_rivers_micro_a

Skill      XL: |  1  2  3  4  5 |
---------------+----------------+-----
Fighting       | 3 4 |  4.2
Invocations    | 1 2 |  2.3
Crossbows      | 5 |  5.2
Dodging        | |  1.8
Stealth        | |  1.2

Action                   |  1- 3 |  4- 6 || total
-------------------------+-------+-------++-------
 Fire: Hand crossbow     |    74 |    87 ||   161
Invok: Divine Shield     |       |     2 ||     2
Armor: Leather armour    |     4 |    13 ||    17
Dodge: Dodged            |    11 |    45 ||    56

Table legend: (Time is in decaauts)
 A = Elapsed time spent in this place.
 B = Non-inter-level travel time spent in this place.
 C = Inter-level travel time spent in this place.
 D = Time resting spent in this place.
 E = Time spent auto-exploring this place.
 F = Levels seen in this place.
 G = Mean time per level.
                   A        B        C        D        E       F      G
               +--------+--------+--------+--------+--------+-----+--------+
         Total |   3050 |   2944 |    106 |    557 |   1954 |   4 |  762.5 |
       Dungeon |   3050 |   2944 |    106 |    557 |   1954 |   4 |  762.5 |
               +--------+--------+--------+--------+--------+-----+--------+

Top non-repeatable levels by time:
     D:3: 1198 daAuts
     D:1: 719 daAuts
     D:2: 595 daAuts
     D:4: 537 daAuts
